MID
LAKEWOOD BLUECLAWS @ GREAT LAKES LOONS
07/25/2048
 
TOP OF THE 1ST
Lakewood BlueClaws batting - Pitching for Great Lakes Loons : LHP Nate Tate
Pitching: LHP Nate Tate
Batting: LHB Matt Urbanek 0-0: Called Strike
0-1: Foul Ball, location: 2F
0-2: SINGLE (Groundball, 6D, EV 97.5 MPH)
Batting: RHB Vaclav Been 0-0: Called Strike
0-1: Ball
1-1: Ball
2-1: Foul Ball, location: 2F
2-2: Strikes out swinging
Batting: RHB Mike Bell 0-0: Called Strike
0-1: Fly out, F9 (Flyball, 9LS, EV 95.0 MPH)
Batting: RHB Victor Arias 0-0: Called Strike
Matt Urbanek steals 2nd base
0-1: Fly out, F8 (Flyball, 8LS, EV 94.4 MPH)
Top of the 1st over - 0 runs, 1 hit, 0 errors, 1 left on base; Lakewood 0 - Great Lakes 0
BOTTOM OF THE 1ST
Great Lakes Loons batting - Pitching for Lakewood BlueClaws : RHP Tony Ferreira
Pitching: RHP Tony Ferreira
Batting: LHB Nate Kee 0-0: Foul Ball, location: 2F
0-1: Called Strike
0-2: Ball
1-2: Strikes out swinging
Batting: LHB Tore Bosch 0-0: Called Strike
0-1: Called Strike
0-2: SINGLE (Groundball, 34D, EV 111.2 MPH)
Batting: LHB Jesus Ramirez 0-0: Ball
1-0: Ball
2-0: Ball
3-0: Base on Balls
Tore Bosch to second
Batting: SHB Xavier Alaniz 0-0: Ball
1-0: Called Strike
1-1: Ball
2-1: Swinging Strike
2-2: Foul Ball, location: 2F
2-2: Ball
3-2: Foul Ball, location: 2F
3-2: Foul Ball, location: 2F
3-2: Foul Ball, location: 2F
3-2: Base on Balls
Tore Bosch to third
Jesus Ramirez to second
Batting: RHB Steve Clark 0-0: Called Strike
0-1: Foul Ball, location: 2F
0-2: Strikes out swinging
Batting: LHB Jim Jardine 0-0: Ball
1-0: Ground out U3 (Groundball, 3, EV 101.2 MPH)
Bottom of the 1st over - 0 runs, 1 hit, 0 errors, 3 left on base; Lakewood 0 - Great Lakes 0
TOP OF THE 2ND
Lakewood BlueClaws batting - Pitching for Great Lakes Loons : LHP Nate Tate
Batting: SHB Steve DeRienzo 0-0: Ball
1-0: Called Strike
1-1: Foul Ball, location: 2F
1-2: Ground out 6-3 (Groundball, 6, EV 91.2 MPH)
Batting: LHB Joel Moore 0-0: Ball
1-0: Foul Ball, location: 2F
1-1: DOUBLE (Groundball, 5L, EV 105.0 MPH)
Batting: RHB Johnny Burroughs 0-0: Ball
1-0: Ball
2-0: Ball
3-0: Called Strike
3-1: Swinging Strike
3-2: Strikes out swinging, 2-3 out at first.
Batting: RHB Cory Bonham 0-0: Called Strike
0-1: Ball
1-1: Ball
2-1: Foul Ball, location: 2F
2-2: Ball
3-2: Strikes out looking
Top of the 2nd over - 0 runs, 1 hit, 0 errors, 1 left on base; Lakewood 0 - Great Lakes 0
BOTTOM OF THE 2ND
Great Lakes Loons batting - Pitching for Lakewood BlueClaws : RHP Tony Ferreira
Batting: RHB Javier Solis 0-0: Ball
1-0: Called Strike
1-1: Ground out 4-3 (Groundball, 4, EV 82.5 MPH)
Batting: RHB Ruben Serrata 0-0: Called Strike
0-1: Ball
1-1: Foul Ball, location: 2F
1-2: Ball
2-2: Foul Ball, location: 2F
2-2: Foul Ball, location: 2F
2-2: Ground out 3-1 (Groundball, 34, EV 101.2 MPH)
Batting: LHB Cory Bowler 0-0: Ball
1-0: Ball
2-0: Swinging Strike
2-1: Called Strike
2-2: Ground out 5-3 (Groundball, 56, EV 85.6 MPH)
Bottom of the 2nd over - 0 runs, 0 hits, 0 errors, 0 left on base; Lakewood 0 - Great Lakes 0
TOP OF THE 3RD
Lakewood BlueClaws batting - Pitching for Great Lakes Loons : LHP Nate Tate
Batting: LHB Eric Farren 0-0: Ground out 6-3 (Groundball, 56, EV 107.5 MPH)
Batting: LHB Matt Urbanek 0-0: Called Strike
0-1: Ball
1-1: Called Strike
1-2: Foul Ball, location: 2F
1-2: Ground out 6-3 (Groundball, 6, EV 109.4 MPH)
Batting: RHB Vaclav Been 0-0: Reached on error, E5 (Groundball, 56, EV 105.0 MPH)
Batting: RHB Mike Bell 0-0: Ball
1-0: Ball
2-0: Foul Ball, location: 2F
2-1: Swinging Strike
2-2: Foul Ball, location: 2F
2-2: Ball
3-2: Foul Ball, location: 2F
3-2: Base on Balls
Vaclav Been to second
Batting: RHB Victor Arias 0-0: Fly out, F9 (Line Drive, 9, EV 93.8 MPH)
Top of the 3rd over - 0 runs, 0 hits, 1 error, 2 left on base; Lakewood 0 - Great Lakes 0
BOTTOM OF THE 3RD
Great Lakes Loons batting - Pitching for Lakewood BlueClaws : RHP Tony Ferreira
Batting: LHB Nate Kee 0-0: Ball
1-0: Foul Ball, location: 2F
1-1: Fly out, F9 (Flyball, 9, EV 90.6 MPH)
Batting: LHB Tore Bosch 0-0: Ball
1-0: Swinging Strike
1-1: Ball
2-1: Fly out, F9 (Flyball, 9, EV 95.6 MPH)
Batting: LHB Jesus Ramirez 0-0: Ball
1-0: Ball
2-0: Ball
3-0: Called Strike
3-1: Ground out 5-3 (Groundball, 56S, EV 86.2 MPH)
Bottom of the 3rd over - 0 runs, 0 hits, 0 errors, 0 left on base; Lakewood 0 - Great Lakes 0
TOP OF THE 4TH
Lakewood BlueClaws batting - Pitching for Great Lakes Loons : LHP Nate Tate
Batting: SHB Steve DeRienzo 0-0: Ball
1-0: Ball
2-0: Foul Ball, location: 2F
2-1: Called Strike
2-2: Ball
3-2: Strikes out looking
Batting: LHB Joel Moore 0-0: Ball
1-0: Called Strike
1-1: Called Strike
1-2: Strikes out looking
Batting: RHB Johnny Burroughs 0-0: Called Strike
0-1: Ball
1-1: Called Strike
1-2: Strikes out swinging
Top of the 4th over - 0 runs, 0 hits, 0 errors, 0 left on base; Lakewood 0 - Great Lakes 0
BOTTOM OF THE 4TH
Great Lakes Loons batting - Pitching for Lakewood BlueClaws : RHP Tony Ferreira
Batting: SHB Xavier Alaniz 0-0: Ball
1-0: Foul Ball, location: 2F
1-1: SINGLE (Groundball, 4MD, EV 100.6 MPH)
Batting: RHB Steve Clark 0-0: Ball
1-0: Ball
2-0: Ball
3-0: Base on Balls
Xavier Alaniz to second
Pitching: RHP Jeff van Schaik
Batting: LHB Jim Jardine 0-0: Called Strike
0-1: Called Strike
0-2: Ball
1-2: Foul Ball, location: 2F
1-2: Foul Ball, location: 2F
1-2: Fielders Choice at 2nd, 4-6 (Groundball, 4S, EV 85.0 MPH)
Xavier Alaniz to third
Batting: RHB Javier Solis 0-0: Called Strike
0-1: Foul Ball, location: 2F
0-2: Ball
1-2: Ball
2-2: Ball
3-2: Foul Ball, location: 2F
3-2: 3-RUN HOME RUN (Flyball, 78XD, EV 101.9 MPH), Distance : 420 ft
Batting: RHB Ruben Serrata 0-0: Ball
1-0: Foul Ball, location: 2F
1-1: Ball
2-1: SINGLE (Line Drive, 7S, EV 92.5 MPH)
Batting: LHB Cory Bowler 0-0: Called Strike
0-1: Swinging Strike
0-2: Ball
1-2: Foul Ball, location: 2F
1-2: Fly out, F8 (Flyball, 8RD, EV 108.1 MPH)
Batting: LHB Nate Kee 0-0: Called Strike
0-1: Swinging Strike
0-2: Ball
1-2: Ball
2-2: Ground out 4-3 (Groundball, 4, EV 103.1 MPH)
Bottom of the 4th over - 3 runs, 3 hits, 0 errors, 1 left on base; Lakewood 0 - Great Lakes 3
TOP OF THE 5TH
Lakewood BlueClaws batting - Pitching for Great Lakes Loons : LHP Nate Tate
Batting: RHB Cory Bonham 0-0: Called Strike
0-1: Foul Ball, location: 2F
0-2: Ball
1-2: Strikes out looking
Batting: LHB Eric Farren 0-0: Ground out U3 (Groundball, 3S, EV 83.1 MPH)
Batting: LHB Matt Urbanek 0-0: Ball
1-0: Ball
2-0: Ball
3-0: Called Strike
3-1: Ground out 6-3 (Groundball, 6, EV 89.4 MPH)
Top of the 5th over - 0 runs, 0 hits, 0 errors, 0 left on base; Lakewood 0 - Great Lakes 3
BOTTOM OF THE 5TH
Great Lakes Loons batting - Pitching for Lakewood BlueClaws : RHP Jeff van Schaik
Batting: LHB Tore Bosch 0-0: Called Strike
0-1: Called Strike
0-2: Fly out, F9 (Line Drive, 9S, EV 85.6 MPH)
Batting: LHB Jesus Ramirez 0-0: Ball
1-0: Ground out 4-3 (Groundball, 4, EV 84.4 MPH)
Batting: SHB Xavier Alaniz 0-0: Called Strike
0-1: Foul Ball, location: 2F
0-2: Foul Ball, location: 2F
0-2: Ball
1-2: Foul Ball, location: 2F
1-2: Foul Ball, location: 2F
1-2: Ball
2-2: Ball
3-2: Ground out 4-3 (Groundball, 4, EV 88.1 MPH)
Bottom of the 5th over - 0 runs, 0 hits, 0 errors, 0 left on base; Lakewood 0 - Great Lakes 3
TOP OF THE 6TH
Lakewood BlueClaws batting - Pitching for Great Lakes Loons : LHP Nate Tate
Batting: RHB Vaclav Been 0-0: Ball
1-0: Ball
2-0: Ball
3-0: Called Strike
3-1: Base on Balls
Batting: RHB Mike Bell 0-0: Called Strike
0-1: Ball
1-1: Ball
2-1: Fielders Choice at 2nd, 5-4 (Groundball, 56, EV 95.0 MPH)
Batting: RHB Victor Arias 0-0: Ball
1-0: Ball
2-0: Ground out 4-3 (Groundball, 4S, EV 67.5 MPH)
Mike Bell to second
Batting: SHB Steve DeRienzo 0-0: Called Strike
0-1: Called Strike
0-2: Ball
1-2: Foul Ball, location: 2F
1-2: Ball
2-2: Foul Ball, location: 2F
2-2: Ball
3-2: Fly out, F9 (Flyball, 9S, EV 86.9 MPH)
Top of the 6th over - 0 runs, 0 hits, 0 errors, 1 left on base; Lakewood 0 - Great Lakes 3
BOTTOM OF THE 6TH
Great Lakes Loons batting - Pitching for Lakewood BlueClaws : RHP Jeff van Schaik
Batting: RHB Steve Clark 0-0: Foul Ball, location: 2F
0-1: Fly out, F9 (Flyball, 9D, EV 96.2 MPH)
Batting: LHB Jim Jardine 0-0: Ball
1-0: Ball
2-0: Called Strike
2-1: Swinging Strike
2-2: SINGLE (Groundball, 4MD, EV 96.2 MPH)
Pitching: RHP Ian Savary
Batting: RHB Javier Solis 0-0: Ball
1-0: Swinging Strike
1-1: Foul Ball, location: 2F
1-2: Reached on error, E5 (Groundball, 56, EV 105.6 MPH)
Jim Jardine to second
Batting: RHB Ruben Serrata 0-0: SINGLE (Line Drive, 8LS, EV 96.2 MPH)
Jim Jardine to third
Javier Solis to second
Batting: LHB Cory Bowler 0-0: Ball
1-0: SINGLE (Line Drive, 78S, EV 94.4 MPH)
Jim Jardine scores
Javier Solis to third
Ruben Serrata to second
Batting: LHB Nate Kee 0-0: Swinging Strike
0-1: Ball
1-1: Called Strike
1-2: Ball
2-2: Fly out, F9 (Flyball, 9LM, EV 95.0 MPH)
Batting: LHB Tore Bosch 0-0: Ball
1-0: Fly out, F9 (Flyball, 9, EV 82.5 MPH)
Bottom of the 6th over - 1 run, 3 hits, 1 error, 3 left on base; Lakewood 0 - Great Lakes 4
TOP OF THE 7TH
Lakewood BlueClaws batting - Pitching for Great Lakes Loons : LHP Nate Tate
Batting: LHB Joel Moore 0-0: Ball
1-0: Foul Ball, location: 2F
1-1: Called Strike
1-2: Fly out, F9 (Flyball, 89S, EV 95.0 MPH)
Batting: RHB Johnny Burroughs 0-0: Swinging Strike
0-1: Ball
1-1: Swinging Strike
1-2: Strikes out swinging
Batting: RHB Cory Bonham 0-0: Ball
1-0: Ball
2-0: Ball
3-0: Called Strike
3-1: Called Strike
3-2: Foul Ball, location: 2F
3-2: Strikes out swinging
Top of the 7th over - 0 runs, 0 hits, 0 errors, 0 left on base; Lakewood 0 - Great Lakes 4
BOTTOM OF THE 7TH
Great Lakes Loons batting - Pitching for Lakewood BlueClaws : RHP Ian Savary
Pitching: RHP Ramon Mena
Batting: LHB Jesus Ramirez 0-0: Called Strike
0-1: Ball
1-1: Swinging Strike
1-2: Strikes out looking
Batting: SHB Xavier Alaniz 0-0: Called Strike
0-1: Fly out, F9 (Flyball, 9LS, EV 90.0 MPH)
Batting: RHB Steve Clark 0-0: Ball
1-0: Called Strike
1-1: Foul Ball, location: 2F
1-2: Fly out, F9 (Flyball, 89M, EV 76.2 MPH)
Bottom of the 7th over - 0 runs, 0 hits, 0 errors, 0 left on base; Lakewood 0 - Great Lakes 4
TOP OF THE 8TH
Lakewood BlueClaws batting - Pitching for Great Lakes Loons : LHP Nate Tate
Now in LF: Justin Curran
Batting: LHB Eric Farren 0-0: Ball
1-0: Ball
2-0: Ball
3-0: Base on Balls
Batting: LHB Matt Urbanek 0-0: Ball
1-0: Called Strike
1-1: Ball
2-1: Fly out, F7 (Line Drive, 78M, EV 95.0 MPH)
Batting: RHB Vaclav Been 0-0: Called Strike
0-1: Foul Ball, location: 2F
0-2: Ball
1-2: Strikes out swinging
Batting: RHB Mike Bell 0-0: Ball
1-0: Ball
2-0: Swinging Strike
2-1: Ball
3-1: Swinging Strike
3-2: Strikes out looking
Top of the 8th over - 0 runs, 0 hits, 0 errors, 1 left on base; Lakewood 0 - Great Lakes 4
BOTTOM OF THE 8TH
Great Lakes Loons batting - Pitching for Lakewood BlueClaws : RHP Ramon Mena
Pitching: RHP Andrew Giles
Batting: LHB Jim Jardine 0-0: Called Strike
0-1: Foul Ball, location: 2F
0-2: Foul Ball, location: 2F
0-2: Foul Ball, location: 2F
0-2: Ball
1-2: Strikes out swinging
Batting: RHB Javier Solis 0-0: Foul Ball, location: 2F
0-1: Swinging Strike
0-2: Ball
1-2: Foul Ball, location: 2F
1-2: Ground out 6-3 (Groundball, 6, EV 87.5 MPH)
Batting: RHB Ruben Serrata 0-0: SINGLE (Groundball, 56D, EV 94.4 MPH)
Batting: LHB Cory Bowler 0-0: Ball
Ruben Serrata steals 2nd base (no throw)
1-0: Fly out, F8 (Line Drive, 8LM, EV 88.8 MPH)
Bottom of the 8th over - 0 runs, 1 hit, 0 errors, 1 left on base; Lakewood 0 - Great Lakes 4
TOP OF THE 9TH
Lakewood BlueClaws batting - Pitching for Great Lakes Loons : LHP Nate Tate
Batting: RHB Victor Arias 0-0: Ball
1-0: Ball
2-0: Ground out U3 (Groundball, 34S, EV 88.8 MPH)
Batting: SHB Steve DeRienzo 0-0: Called Strike
0-1: Foul Ball, location: 2F
0-2: Fly out, F3 (Popup, 3SF, EV 79.4 MPH)
Batting: LHB Joel Moore 0-0: Called Strike
0-1: Ball
1-1: Ball
2-1: Ball
3-1: Called Strike
3-2: DOUBLE (Flyball, 8LXD, EV 96.9 MPH)
Pitching: RHP Matt Hager
Batting: RHB Johnny Burroughs 0-0: Ball
1-0: Swinging Strike
1-1: Ball
2-1: Foul Ball, location: 2F
2-2: Hit by Pitch
Pitching: RHP Adonis Loyd
Batting: RHB Cory Bonham 0-0: Called Strike
0-1: Foul Ball, location: 2F
0-2: Ball
1-2: Ball
2-2: Strikes out looking
Top of the 9th over - 0 runs, 1 hit, 0 errors, 2 left on base; Lakewood 0 - Great Lakes 4
Tuesday, March 28th , 2023 - OOTP Baseball 23.10 Build 110